 Dungeon Crawl Stone Soup version 0.26.1-10-gdfb7c7de75 (webtiles) character file.

Game seed: 4036754357890520973

725 MajorAdolf the Covert (level 7, -9/64 HPs)
             Began as a Naga Wanderer on Apr 3, 2021.
             Killed themself with a badly aimed iceblast (11 damage)
             ... on level 5 of the Dungeon.
             The game lasted 00:19:57 (7421 turns).

MajorAdolf the Covert (Naga Wanderer)               Turns: 7421, Time: 00:19:59

Health: -9/64      AC:  5    Str: 14    XL:     7   Next: 72%
Magic:  7/7        EV: 11    Int: 13    God:
Gold:   294        SH:  5    Dex: 12    Spells: 6/6 levels left

rFire    . . .     SeeInvis +   a - +2 dagger
rCold    . . .     Faith    .   (no shield)
rNeg     . . .     Spirit   .   e - +0 robe
rPois    +         Reflect  +   m - +1 helmet
rElec    .         Harm     .   (no cloak)
rCorr    .         Rampage  .   (no gloves)
Will     .....     Rnd*Tele +   (no barding)
Stlth    ++++......             o - amulet of reflection
HPRegen  0.20/turn              l - ring of teleportation (curse)
MPRegen  0.10/turn              (no ring)

@: mighty, very slow
A: large, see invisible, deformed body, poison resistance, slowness 2, spit
poison 1, AC +2
a: Spit Poison


You were on level 5 of the Dungeon.
You visited 1 branch of the dungeon, and saw 5 of its levels.

You collected 294 gold pieces.

Inventory:

Hand Weapons
 a - a +2 dagger (weapon)
 c - a +0 spear
 f - a +0 short sword
Missiles
 n - 2 poisoned darts
Armour
 e - a +0 robe (worn)
 m - a +1 helmet (worn)
Jewellery
 l - a cursed ring of teleportation (left hand)
 o - an amulet of reflection (around neck)
Wands
 i - a wand of random effects (10)
Scrolls
 b - a scroll of remove curse
 h - a scroll of identify
 k - a scroll of enchant armour
 p - a scroll of fog
Potions
 g - a potion of attraction
 j - 3 potions of magic


   Skills:
 + Level 4.2 Fighting
 * Level 4.2 Short Blades
 - Level 1.0 Polearms
 + Level 3.0 Dodging
 * Level 9.2 Stealth
 + Level 1.8 Shields
 + Level 0.0 Spellcasting
 + Level 0.1 Poison Magic


You had 6 spell levels left.
You didn't know any spells.
Your spell library was empty.

Dungeon Overview and Level Annotations

Branches:
Dungeon (5/15)
 Temple: D:4-7

Altars:
Elyvilon
Fedhas
Hepliaklqana
Kikubaaqudgha
Nemelex Xobeh
Okawaru
Uskayaw
Zin

Shops:
D:4 :

Annotations:
D:4 1 runed translucent door, Prince Ribbit; ZZKoverts's ghost, amateur OpBr


Innate Abilities, Weirdness & Mutations

You cannot wear boots.
Your serpentine skin is tough. (AC +2)
You have supernaturally acute eyesight. (SInv)
Armour fits poorly on your strangely shaped body.
Your system is resistant to poisons. (rPois)
You cover ground very slowly.
You can spit poison.


Message History

You feel better.
An orc comes into view. It is wielding a -1 hand axe.
The ice beast closely misses you.
You feel very mighty all of a sudden. The ice beast closely misses you.
You closely miss the ice beast. The ice beast hits you.
* * * LOW HITPOINT WARNING * * *
The ice beast freezes you!
* * * LOW HITPOINT WARNING * * *
Unknown command.
Okay, then.
Okay, then.
Aiming: Random Effects
Press: ? - help, Shift-Dir - straight line, f - ice beast
Aim: an ice beast The mass of ice explodes!
The iceblast engulfs the ice beast.
The ice beast partially resists.
The ice beast is moderately wounded.
The iceblast engulfs you!
You die...

...# #..#
#..#######
#####.$.[.....
#.............
#.###..#..###.
#..#..# #..#
.# #@.# ..
#Y.......
...#.#.##
####....
###... ###


You could see an ice beast.

Vanquished Creatures
  A sky beast (D:4)
  An ogre (D:4)
  2 howler monkeys (D:4)
  An iguana (D:4)
  Terence (D:3)
  A worker ant (D:4)
  An orc wizard (D:3)
  A hound skeleton (D:4)
  14 gnolls
  12 adders
  An adder skeleton (D:4)
  4 worms
  3 dart slugs
  A leopard gecko (D:3)
  5 orcs (D:3)
  7 bats
  2 bat zombies (D:2)
  2 giant cockroaches (D:4)
  12 goblins
  5 hobgoblins
  7 jackals
  7 frilled lizards
  A giant cockroach zombie (D:3)
  7 kobolds
  10 rats
  2 rat zombies (D:2)
111 creatures vanquished.

Notes
Turn   | Place    | Note
-------+----------+-------------------------------------------
     0 | D:1      | MajorAdolf the Naga Wanderer began the quest for the Orb.
     0 | D:1      | MajorAdolf set off with the following items: a +2 dagger, a
                  | potion of heal wounds, a +0 spear, a potion of
                  | lignification, a +0 robe
     0 | D:1      | Reached XP level 1. HP: 21/21 MP: 1/1
    91 | D:1      | Reached skill level 6 in Stealth
   134 | D:1      | Reached XP level 2. HP: 28/28 MP: 2/2
   247 | D:1      | Reached skill level 1 in Short Blades
   616 | D:1      | Reached XP level 3. HP: 26/34 MP: 3/3
  1475 | D:2      | Found a sparkling altar of Nemelex Xobeh.
  1825 | D:2      | Reached XP level 4. HP: 42/42 MP: 4/4
  2114 | D:1      | Reached skill level 7 in Stealth
  2301 | D:1      | Reached XP level 5. HP: 18/49 MP: 5/5
  2695 | D:2      | Found a hide-covered altar of Uskayaw.
  4088 | D:3      | Found a hazy altar of Hepliaklqana.
  4133 | D:3      | Found a glowing silver altar of Zin.
  4226 | D:3      | Reached XP level 6. HP: 52/57 MP: 6/6
  4383 | D:3      | Noticed Terence
  4391 | D:3      | Killed Terence
  4509 | D:3      | Found a blossoming altar of Fedhas.
  4509 | D:3      | Found a white marble altar of Elyvilon.
  4520 | D:3      | Reached skill level 1 in Shields
  4546 | D:3      | Reached skill level 8 in Stealth
  5514 | D:4      | Found a runed translucent door.
  5547 | D:4      | Reached XP level 7. HP: 22/64 MP: 7/7
  5831 | D:2      | Found an iron altar of Okawaru.
  6049 | D:2      | Found an ancient bone altar of Kikubaaqudgha.
  6436 | D:4      | Noticed ZZKoverts's ghost (amateur OpBr)
  6821 | D:4      | Found Kouzazosm's Book Emporium.
  6839 | D:4      | Reached skill level 9 in Stealth
  7203 | D:5      | Entered Level 5 of the Dungeon
  7206 | D:5      | Noticed Prince Ribbit
  7413 | D:5      | HP: 3/64 [ice beast (9)]
  7420 | D:5      | HP: 2/64 [ice beast (13)]
  7421 | D:5      | Killed themself with a badly aimed iceblast

Illustrated notes

Levels and vault maps discovered:
D:1:      dpeg_arrival_arbitrary_b, layout_basic, minivault_4,
          chequers_mini_garden
D:2:      layout_rooms, lemuel_zombie_altar_kikubaaqudgha,
          kennysheep_okawaru_gauntlet, lemuel_round_altar,
          nemelex_xobeh_ov_fountains_minmay, st_stairs_6
D:3:      layout_loops_ring, nzn_hepliaklqana_mist_gate, old_standard_altar,
          gammafunk_temple_overflow_pools, uniq_terence
D:4:      minmay_door_path, layout_cave_pools, serial_shops, nicolae_shop_stone,
          ebering_ghost_reflecting_pool, minmay_box_of_dots
D:5:      layout_loops_ring, pdpol_wu_jian_five_deadly_venoms,
          kennysheep_mini_moat, corexii_shack, uniq_ijyb, uniq_prince_ribbit1

Skill      XL: |  1  2  3  4  5  6  7 |
---------------+----------------------+-----
Stealth        | 6 7 8 9 |  9.2
Short Blades   | 1 2 3 4 |  4.2
Dodging        | 2 3 |  3.0
Shields        | 1 |  1.8
Fighting       | 4 |  4.2
Polearms       | |  1.0
Poison Magic   | |  0.1

Action                   |  1- 3 |  4- 6 |  7- 9 || total
-------------------------+-------+-------+-------++-------
Melee: Dagger            |    47 |   159 |    82 ||   288
Throw: Dart              |       |     3 |     2 ||     5
 Abil: Spit Poison       |    28 |    70 |    36 ||   134
  Use: Potion            |     1 |     2 |     3 ||     6
       Scroll            |       |     9 |     4 ||    13
 Stab: Sleeping          |       |     1 |     1 ||     2
Armor: Robe              |     7 |    33 |    18 ||    58
       Skin              |     2 |       |       ||     2
Dodge: Dodged            |    36 |    96 |    57 ||   189
Block: Other             |       |       |     5 ||     5
